 Dungeon Crawl Stone Soup version 0.18.1-50-g88ac8fd (webtiles) character file.

875 jerryfan the Ducker (level 7, -1/57 HPs)
             Began as a White Draconian Artificer on Sept 24, 2016.
             Killed from afar by an adder (35 damage)
             ... with an exploding inner flame
             ... hexed by the player character
             ... on level 5 of the Dungeon.
             The game lasted 00:26:53 (4113 turns).

jerryfan the Ducker (White Draconian Artificer)     Turns: 4113, Time: 00:26:54

Health: -1/57      AC:  6    Str: 17    XL:     7   Next: 74%
Magic:  10/10      EV: 11    Int: 13    God:
Gold:   168        SH:  7    Dex: 11    Spells: 0 memorised, 6 levels left

rFire  . . .     SeeInvis .     h - +2 dagger (flame)
rCold  + . .     Gourm    .     (armour unavailable)
rNeg   . . .     Faith    .     j - +0 shield
rPois  .         Spirit   .     (helmet restricted)
rElec  .         Dismiss  .     (no cloak)
rCorr  .         Reflect  .     (no gloves)
SustAt .         Harm     .     (no boots)
MR     .....                    (no amulet)
Stlth  ++........               (no ring)
                                (no ring)

@: not resistant to hostile enchantments, unstealthy
A: breathe frost, unfitting armour, cold resistance 1, regeneration 1, strong 1,
wild magic 1, cold-blooded, AC +6
a: Breathe Frost


You were on level 5 of the Dungeon.
You were not hungry.

You visited 1 branch of the dungeon, and saw 5 of its levels.
You also visited: Ossuary.

You collected 168 gold pieces.

Inventory:

Hand Weapons
 a - a +0 short sword
 h - a +2 dagger of flaming (weapon)
 t - a +2 scythe of flaming
 u - a +1 flail of holy wrath
 x - a +2 quarterstaff of chaos
 y - a +1 dagger of venom
Armour
 j - a +0 shield (worn)
Wands
 b - a wand of flame (30/48)
 c - a wand of enslavement (7/24)
 d - a wand of random effects (12/48)
 v - a wand of iceblast (3/15)
Scrolls
 g - 2 scrolls of magic mapping
 i - 3 scrolls of remove curse
 l - 2 scrolls of enchant armour
 o - 2 scrolls of identify
Potions
 e - 2 potions of lignification
 k - a potion of invisibility {unknown}
 p - a potion of resistance {unknown}
 s - 3 potions of flight
 w - 7 potions of curing
 z - a potion of agility
 A - a potion of cure mutation {unknown}
 B - 6 potions of degeneration {unknown}
 C - a potion of magic {unknown}
 D - a potion of heal wounds {unknown}
Comestibles
 f - 2 bread rations
 m - 2 beef jerkies
 n - 5 meat rations
 r - 11 fruits
 E - a chunk of flesh


   Skills:
 + Level 3.1 Fighting
 + Level 2.9 Short Blades
 + Level 1.8 Staves
 + Level 5.9 Dodging
 + Level 2.2 Stealth
 + Level 4.5 Evocations


You had 6 spell levels left.
You didn't know any spells.

Dungeon Overview and Level Annotations

Branches:
Dungeon (5/15)
 Temple: D:4-7

Altars:
Ashenzari
Kikubaaqudgha
Okawaru
Ru

Annotations:
D:5 Pikel


Innate Abilities, Weirdness & Mutations

You can breathe waves of freezing cold.
You can buffet flying creatures when you breathe cold.
Your icy white scales are hard (AC +6).
Your body does not fit into most forms of armour.
Your flesh is cold resistant.
You are cold-blooded and may be slowed by cold attacks.
Your natural rate of healing is unusually fast.
Your muscles are strong. (Str +2)
Your spells are a little harder to cast, but a little more powerful.


Message History

The adder skeleton closely misses your slave.
The adder misses you.
The adder skeleton bites your slave but does no damage.
The adder barely misses you.
Found a wand of iceblast.
You miss the adder.
The adder is almost dead.
You block the adder's attack.
You hit the adder. You burn the adder.
The adder explodes!
The fiery explosion engulfs your slave.
Your slave explodes!
The fiery explosion engulfs the slave.
The slave explodes!
The fiery explosion engulfs the adder skeleton.
The fiery explosion engulfs the slave.
The slave explodes!
The fiery explosion engulfs you! x2
Ouch! That really hurt!
You die...

#........##
#.........######
#...#####p.....###
... ##......%### .
. #%KZ.%.%..# ..
#..Z§§§..##..
#%.§§§§##..#
#%<§§§§#./#
######@§.# ##.##
.# .# .# #. #


You could see Pikel (inner flame), a slave (inner flame), a hound zombie (inner
flame) and an adder skeleton (inner flame).

Vanquished Creatures
  Sigmund (D:3)
  Edmund (D:4)
  3 slaves (D:5)
  A scorpion (D:3)
  A crimson imp (D:4)
  A centaur zombie (Ossuary)
  Crazy Yiuf (D:3)
  2 orc wizards (D:4)
  A giant frog skeleton (D:4)
  Ijyb (D:2)
  An iguana (D:3)
  2 worker ants
  Terence (D:3)
  A big kobold zombie (Ossuary)
  A hound skeleton (D:4)
  5 mummies (Ossuary)
  6 adders
  An ooze (D:2)
  2 worms
  3 giant geckos
  8 orcs
  3 ball pythons
  5 giant cockroaches
  4 hobgoblins
  12 jackals
  4 quokkas
  10 bats
  A giant gecko skeleton (D:4)
  3 giant newts
  A gnoll zombie (Ossuary)
  10 goblins
  A goblin zombie (Ossuary)
  6 kobolds
  3 orc zombies (Ossuary)
  5 rats
  2 fungi (D:3)
114 creatures vanquished.

Vanquished Creatures (collateral kills)
  2 orcs (D:4)
  A quokka (D:2)
  A ball python (D:2)
4 creatures vanquished.

Vanquished Creatures (others)
  An adder (D:4)
1 creature vanquished.

Grand Total: 119 creatures vanquished

Notes
Turn   | Place    | Note
--------------------------------------------------------------
     0 | D:1      | jerryfan the Draconian Artificer began the quest for the Orb.
     0 | D:1      | Reached XP level 1. HP: 16/16 MP: 3/3
   114 | D:1      | Reached skill level 2 in Dodging
   216 | D:1      | Reached XP level 2. HP: 19/23 MP: 4/4
  1021 | D:2      | Reached XP level 3. HP: 27/28 MP: 5/5
  1023 | D:2      | Found a shattered altar of Ashenzari.
  1060 | D:2      | Reached skill level 1 in Stealth
  1311 | D:2      | Reached XP level 4. HP: 25/35 MP: 6/6
  1611 | D:2      | Noticed Terence
  1836 | D:2      | Noticed Ijyb
  1852 | D:2      | Killed Ijyb
  1852 | D:2      | Reached skill level 3 in Dodging
  1857 | D:2      | Gained mutation: Your muscles are strong. (Str +2) [potion of mutation]
  1857 | D:2      | Gained mutation: Your natural rate of healing is unusually fast. [potion of mutation]
  1857 | D:2      | Gained mutation: Your spells are a little harder to cast, but a little more powerful. [potion of mutation]
  1962 | D:3      | Found an ancient bone altar of Kikubaaqudgha.
  2011 | D:3      | Killed Terence
  2011 | D:3      | Reached XP level 5. HP: 35/41 MP: 7/7
  2434 | D:3      | Reached skill level 4 in Dodging
  2434 | D:3      | Reached XP level 6. HP: 20/48 MP: 9/9
  2554 | D:3      | Noticed Sigmund
  2558 | D:3      | Killed Sigmund
  2845 | D:3      | Noticed Crazy Yiuf
  2848 | D:3      | Killed Crazy Yiuf
  2848 | D:3      | Reached skill level 5 in Dodging
  2946 | D:4      | Found a sand-covered staircase.
  3014 | D:4      | Found an iron altar of Okawaru.
  3095 | D:4      | Your scales start taking on an icy white colour.
  3095 | D:4      | Reached XP level 7. HP: 56/56 MP: 10/10
  3095 | D:4      | Gained mutation: Your flesh is cold resistant. [White Draconian growth]
  3492 | Ossuary  | Entered an ossuary
  3604 | Ossuary  | Reached skill level 1 in Staves
  3759 | D:4      | Found a sacrificial altar of Ru.
  3760 | D:4      | Noticed Edmund
  3770 | D:4      | Killed Edmund
  4100 | D:5      | Entered Level 5 of the Dungeon
  4100 | D:5      | Noticed Pikel
  4113 | D:5      | Killed from afar by an adder

Skill      XL: |  1  2  3  4  5  6  7 |
---------------+----------------------+-----
Dodging        | 2 3 4 5 |  5.9
Stealth        | 1 2 |  2.2
Short Blades   | 2 |  2.9
Fighting       | 2 3 |  3.1
Evocations     | 4 |  4.5
Staves         | 1 |  1.8

Action                   |  1- 3 |  4- 6 |  7- 9 || total
-------------------------+-------+-------+-------++-------
Melee: Dagger            |    95 |   207 |     2 ||   304
       Tailslap          |     6 |    27 |     9 ||    42
       Quarterstaff      |       |     9 |    68 ||    77
Evoke: Wand              |     2 |    15 |     9 ||    26
  Use: Potion            |       |     4 |     2 ||     6
       Scroll            |       |     8 |     4 ||    12
 Stab: Distracted        |     1 |       |       ||     1
       Sleeping          |     2 |     1 |     1 ||     4
       Paralysed         |       |       |     1 ||     1
  Eat: Chunk             |     1 |     4 |     4 ||     9
       Royal jelly       |       |     1 |       ||     1
Armor: Skin              |    35 |    61 |    17 ||   113
Dodge: Dodged            |    94 |   170 |    53 ||   317
Block: Shield            |       |       |     2 ||     2
